 Dungeon Crawl Stone Soup version 0.29.1-12-g30fa7ad0bf (webtiles) character file.

Game seed: 15051059528107518403

46 Gabide the Trooper (level 3, -1/30 HPs)
             Began as a Mummy Berserker on Dec 22, 2022.
             Was a Believer of Trog.
             Slain by a quokka (5 damage)
             ... on level 2 of the Dungeon.
             The game lasted 00:01:00 (1241 turns).

Gabide the Trooper (Mummy Berserker)                Turns: 1241, Time: 00:01:01

Health: -1/30      AC:  2    Str: 22    XL:     3   Next: 44%
Magic:  3/3        EV: 12    Int:  6    God:    Trog [**....]
Gold:   54         SH:  0    Dex: 11    Spells: 2/2 levels left

rFire   x . .      SeeInvis .     - Unarmed
rCold   + . .      Faith    .   (no shield)
rNeg    + + +      Spirit   .   a - +0 animal skin
rPois   ∞          Reflect  .   (no helmet)
rElec   .          Harm     .   (no cloak)
rCorr   .          Rampage  .   (no gloves)
Will    ++...                   (no boots)
Stlth   +.........              (no amulet)
HPRegen 1.10/turn               (no ring)
MPRegen 0.08/turn               (no ring)

@: strong-willed, regenerating
A: cold resistance 1, negative energy resistance 3, torment resistance 2, heat
vulnerability 1, in touch with death 1, no potions
a: Renounce Religion, Trog's Hand


You were on level 2 of the Dungeon.
You worshipped Trog.
Trog was pleased with you.
You visited 1 branch of the dungeon, and saw 2 of its levels.

You collected 54 gold pieces.

Inventory:

Armour
 a - a +0 animal skin (worn)
Scrolls
 b - a scroll of immolation {unknown}
 c - a scroll of butterflies {unknown}
 d - a scroll of identify {unknown}


   Skills:
 * Level 3.7 Fighting
 - Level 1.5 Armour
 + Level 2.0 Dodging
 * Level 3.0 Unarmed Combat


You had 2 spell levels left.
You didn't know any spells.
Your spell library was empty.

Dungeon Overview and Level Annotations

Branches:
Dungeon (1/15)

Altars:


Innate Abilities, Weirdness & Mutations

You are immune to poison.
Your flesh is cold resistant. (rC+)
You are immune to negative energy. (rN+++)
You are immune to unholy pain and torment.
You are vulnerable to heat. (rF-)
You are in touch with the powers of death.
You do not drink.


Message History

The quokka closely misses you.
You miss the quokka.
The quokka is severely wounded.
The quokka bites you.
You hit the quokka.
The quokka is almost dead.
The quokka bites you.
You barely miss the quokka.
The quokka is almost dead.
The quokka misses you. The quokka bites you.
You are too injured to fight recklessly!
A quokka is nearby!
A quokka is nearby!
You are too injured to fight recklessly!
You closely miss the quokka.
The quokka is almost dead.
The quokka bites you but does no damage.
You closely miss the quokka.
The quokka is severely wounded.
The quokka bites you.
* * * LOW HITPOINT WARNING * * *
You barely miss the quokka.
The quokka is severely wounded.
The quokka bites you.
* * * LOW HITPOINT WARNING * * *
You hit the quokka.
The quokka is almost dead.
The quokka barely misses you.
You barely miss the quokka.
The quokka is almost dead.
The quokka bites you.
* * * LOW HITPOINT WARNING * * *
You closely miss the quokka.
The quokka is almost dead.
The quokka closely misses you. The quokka bites you.
* * * LOW HITPOINT WARNING * * *
Your skin crawls.
You feel strong-willed. The quokka bites you.
You die...

#...†.. .....# #......
#....#.# #......
#....#.# ##..... #
#....#.# #....#
####.####...##.####.####
...........##.#.....###
####..#.#.#.##.#........
......r@................
#.......................
..#.....#.#....#####.#..
####..#..........#.##.
...............#.###
###..#.##...##..#.###
##.#.##...##.!#....
..#.##...##.......
#...##.######


You could see a quokka.

Vanquished Creatures
  An adder (D:2)
  2 ball pythons (D:1)
  3 bats (D:1)
  4 endoplasms
  A giant cockroach (D:1)
  7 goblins (D:1)
  3 hobgoblins
  4 jackals (D:1)
  A quokka (D:2)
  2 frilled lizards (D:1)
  A kobold (D:1)
  2 rats (D:1)
31 creatures vanquished.

Notes
Turn   | Place    | Note
-------+----------+-------------------------------------------
     0 | D:1      | Gabide the Mummy Berserker began the quest for the Orb.
     0 | D:1      | Reached XP level 1. HP: 18/18 MP: 1/1
   272 | D:1      | Reached XP level 2. HP: 20/24 MP: 2/2
   708 | D:1      | Reached ** piety under Trog
   720 | D:1      | Gained mutation: You are in touch with the powers of death.
                  | [Mummy growth]
   720 | D:1      | Reached XP level 3. HP: 20/29 MP: 3/3
   915 | D:1      | You fall into a shaft and drop 1 floor!
  1241 | D:2      | Slain by a quokka

Illustrated notes

Levels and vault maps discovered:
D:1:      wander_arrival_fairy_ring, layout_basic, st_stairs_11,
          chequers_serial_rivers_large_a
D:2:      layout_basic, minmay_cupped

Skill      XL: |  1  2  3 |
---------------+----------+-----
Dodging        | 2 |  2.0
Unarmed Combat | 3 |  3.0
Fighting       | |  3.7
Armour         | |  1.5

Action                   || total
-------------------------++-------
Melee: Unarmed           ||   133
       Punch             ||     3
Invok: Trog's Hand       ||     1
Armor: Animal skin       ||    21
Dodge: Dodged            ||    86
